 Dungeon Crawl Stone Soup version 0.28.0-53-g5a82cb258f (webtiles) character file.

Game seed: 9232059199869740483

11303 safid the Geomancer (level 11, -5/73 HPs)
             Began as a Gargoyle Earth Elementalist on Aug 29, 2022.
             Was a Believer of Vehumet.
             Slain by an eight-headed hydra (8 damage)
             ... on level 2 of the Lair of Beasts on Aug 30, 2022.
             The game lasted 00:20:13 (14586 turns).

safid the Geomancer (Gargoyle Earth Elementalist)  Turns: 14586, Time: 00:20:14

Health: -5/73      AC: 12    Str: 11    XL:     11   Next: 75%
Magic:  13/25      EV: 12    Int: 21    God:    Vehumet [**....]
Gold:   777        SH:  0    Dex: 10    Spells: 26/30 levels left

rFire   . . .      SeeInvis .   p - +1 short sword (elec)
rCold   . . .      Faith    .   (no shield)
rNeg    + . .      Spirit   .   b - +0 robe
rPois   ∞          Reflect  .   C - +1 hat {Stlth+}
rElec   +          Harm     .   (no cloak)
rCorr   +          Rampage  .   (no gloves)
Will    +....                   m - +0 pair of boots
Stlth   +++.......              (no amulet)
HPRegen 0.22/turn               i - ring of willpower
MPRegen 0.19/turn               x - ring of resist corrosion

@: no status effects
A: sickness immunity, AC +8, negative energy resistance 1, electricity
resistance, torment resistance 1, petrification resistance
a: Renounce Religion


You were on level 2 of the Lair of Beasts.
You worshipped Vehumet.
Vehumet was pleased with you.
You visited 3 branches of the dungeon, and saw 12 of its levels.

You collected 777 gold pieces.

Inventory:

Hand Weapons
 p - a +1 short sword of electrocution (weapon)
Missiles
 c - 244 stones
 B - 4 javelins
Armour
 b - a +0 robe (worn)
 m - a +0 pair of boots (worn)
 C - a +1 hat of stealth (worn)
Jewellery
 i - a ring of willpower (left hand)
 x - a ring of resist corrosion (right hand)
 G - a ring of ice
Wands
 a - a wand of charming (9)
 w - a wand of polymorph (19)
 D - a wand of flame (26)
Scrolls
 d - 3 scrolls of teleportation
 f - 2 scrolls of silence
 l - 2 scrolls of fog
 n - 4 scrolls of fear
 t - 2 scrolls of enchant armour
 u - 2 scrolls of torment
 y - a scroll of magic mapping {unknown}
 z - 3 scrolls of blinking
 A - 2 scrolls of noise {unknown}
 E - a scroll of immolation {unknown}
 F - 2 scrolls of amnesia {unknown}
 H - a scroll of summoning {unknown}
Potions
 e - 4 potions of heal wounds {unknown}
 g - a potion of attraction {unknown}
 h - 4 potions of brilliance
 j - 6 potions of curing {unknown}
 k - 2 potions of haste
 o - 4 potions of invisibility {unknown}
 q - 4 potions of might
 r - 3 potions of degeneration {unknown}
 s - 2 potions of lignification {unknown}
 v - 2 potions of flight {unknown}


   Skills:
 + Level 10.3 Fighting
 - Level 2.0 Dodging
 - Level 2.1 Stealth
 * Level 10.2 Spellcasting
 + Level 8.5 Conjurations
 - Level 1.0 Transmutations
 + Level 10.4 Earth Magic


You had 26 spell levels left.
You knew the following spells:

 Your Spells              Type           Power      Damage    Failure   Level
a - Sandblast             Erth           100%       2d20      1%          1
b - Stone Arrow           Conj/Erth      100%       3d13      1%          3

Your spell library contained the following spells:

 Spells                   Type           Power      Damage    Failure   Level
 Searing Ray              Conj           92%        2d7       1%          2
 Passwall                 Tmut/Erth      28%        N/A       1%          2
 Animate Skeleton         Necr           20%        N/A       6%          1
 Apportation              Tloc           20%        N/A       6%          1
 Pain                     Necr           40%        1d6       6%          1
 Slow                     Hex            40%        N/A       6%          1
 Summon Small Mammal      Summ           40%        N/A       6%          1
 Wereblood                Tmut           14%        N/A       6%          2
 Petrify                  Tmut/Erth      34%        N/A       6%          4
 Corpse Rot               Necr/Air       20%        N/A       10%         2
 Poisonous Vapours        Pois/Air       20%        N/A       10%         2
 Confusing Touch          Hex            10%        N/A       19%         3
 Ozocubu's Armour         Ice            10%        N/A       19%         3
 Vampiric Draining        Necr           10%        2d6       19%         3
 Alistair's Intoxication  Tmut/Pois      8%         N/A       82%         5
 Metabolic Englaciation   Hex/Ice        5%         N/A       87%         5
 Simulacrum               Ice/Necr       5%         N/A       100%        6
 Summon Hydra             Summ           5%         N/A       100%        7
 Sublimation of Blood     Necr           Unusable   N/A       N/A         2

Dungeon Overview and Level Annotations

Branches:
Dungeon (9/15)             Temple (1/1) D:5            Lair (2/6) D:9
  Swamp: Lair:2-4    Shoals: Lair:2-4     Snake: Lair:2-4    Spider: Lair:2-4
    Orc: D:9-12

Altars:
Ashenzari
Cheibriados
Dithmenos
Elyvilon
Fedhas
Gozag
Hepliaklqana
Makhleb
Nemelex Xobeh
Okawaru
Qazlal
Ru
Sif Muna
Trog
Uskayaw
Vehumet
Wu Jian
Xom
Yredelemnul
Zin
The Shining One

Shops:
D:4 (   D:5 [   D:7 *   D:9 [

Annotations:
D:7 Joseph
D:8 3 runed translucent doors, macfelon's ghost, novice DECj


Innate Abilities, Weirdness & Mutations

You are immune to sickness and miasma.
Your stone body is resilient. (AC +8)
You are immune to poison.
You resist negative energy. (rN+)
You are resistant to electric shocks. (rElec)
You are resistant to unholy torment.
You are immune to petrification.


Message History

Confirm with . or Enter, or press ? or * to list all spells.
Aiming: Stone Arrow (safe; 1% risk of failure)
Press: ? - help, Shift-Dir - straight line, f/p - eight-headed hydra
Aim: an eight-headed hydra (lightly wounded, 92% to hit)
The stone arrow hits the eight-headed hydra!!
The eight-headed hydra is heavily wounded.
The eight-headed hydra bites you.
The eight-headed hydra bites you but does no damage. x2
The eight-headed hydra bites you!
The eight-headed hydra barely misses you.
The eight-headed hydra bites you but does no damage.
The eight-headed hydra closely misses you.
The eight-headed hydra bites you but does no damage.
Casting: Stone Arrow (safe; 1% risk of failure)
Confirm with . or Enter, or press ? or * to list all spells.
Aiming: Stone Arrow (safe; 1% risk of failure)
Press: ? - help, Shift-Dir - straight line, f/p - eight-headed hydra
Aim: an eight-headed hydra (heavily wounded, 92% to hit)
The stone arrow hits the eight-headed hydra!
The eight-headed hydra is severely wounded.
The eight-headed hydra bites you! x2; The eight-headed hydra bites you. x3
The eight-headed hydra barely misses you.
The eight-headed hydra bites you.
The eight-headed hydra bites you but does no damage.
Unknown command.
Casting: Stone Arrow (safe; 1% risk of failure)
Confirm with . or Enter, or press ? or * to list all spells.
Aiming: Stone Arrow (safe; 1% risk of failure)
Press: ? - help, Shift-Dir - straight line, f/p - eight-headed hydra
Aim: an eight-headed hydra (severely wounded, 92% to hit)
The stone arrow hits the eight-headed hydra!
The eight-headed hydra is almost dead.
The eight-headed hydra bites you!
* * * LOW HITPOINT WARNING * * *
The eight-headed hydra bites you but does no damage.
The eight-headed hydra bites you!
* * * LOW HITPOINT WARNING * * *
The eight-headed hydra completely misses you.
The eight-headed hydra misses you. The eight-headed hydra bites you!
You die...

# ###.....###..##..#....≈≈
#.#. #................P≈.≈
.####..##..................≈≈
.......<...................≈≈
..................##.##....♣≈
.................##### ###..♣
.................P# P#
.................## #
..##.##.#.##@....#
............D....#
..........#.....#
..........#.....#
...........<÷...#
.#........#....♣P≈♣
..........#B♣♣≈≈≈≈♣
..........≈♣≈ ≈≈≈≈≈≈
........≈≈P≈≈≈≈P≈≈≈≈≈


You could see a boulder beetle and an eight-headed hydra.

Vanquished Creatures
  Gastronok (D:8)
  2 two-headed ogres
  A cyclops (D:6)
  2 cane toads (Lair:1)
  2 black mambas (Lair:1)
  A troll (D:9)
  2 wyverns (D:9)
  12 yaks
  A steam dragon (D:7)
  A basilisk (D:9)
  11 water moccasins
  Duvessa (D:5)
  5 orc warriors
  3 ice beasts
  A sky beast (D:7)
  2 necrophages
  A black bear (D:6)
  2 ogres (D:5)
  A centaur (D:8)
  A phantom (D:5)
  9 bullfrogs
  A kobold brigand (D:7)
  A wyvern zombie (D:6)
  A scorpion (D:6)
  A wyvern skeleton (D:7)
  Dowan (D:5)
  5 wights (D:6)
  A howler monkey (D:9)
  An electric eel (Lair:2)
  4 centaur zombies (D:9)
  2 centaur skeletons
  2 jellies
  A bullfrog skeleton (D:6)
  5 hounds
  5 orc priests
  2 iguanas
  12 orc wizards
  A hound skeleton (D:4)
  8 adders
  3 gnolls (D:7)
  2 white imps
  3 ufetubi
  2 adder skeletons (D:4)
  3 worms
  3 dart slugs
  31 orcs
  3 ball pythons
  5 bats
  7 endoplasms
  6 giant cockroaches
  9 goblins
  4 hobgoblins
  A jackal (D:2)
  12 kobolds
  4 quokkas
  2 frilled lizards
  A rat (D:1)
217 creatures vanquished.

Vanquished Creatures (others)
  35 fungi
  59 plants
94 creatures vanquished.

Grand Total: 311 creatures vanquished

Notes
Turn   | Place    | Note
-------+----------+-------------------------------------------
     0 | D:1      | safid the Gargoyle Earth Elementalist began the quest for
                  | the Orb.
     0 | D:1      | Reached XP level 1. HP: 10/10 MP: 3/3
   507 | D:1      | Reached skill level 1 in Transmutations
   507 | D:1      | Reached XP level 2. HP: 16/16 MP: 5/5
   838 | D:1      | Reached skill level 1 in Fighting
  1403 | D:2      | Reached XP level 3. HP: 16/20 MP: 6/6
  1977 | D:2      | Learned a level 3 spell: Stone Arrow
  2293 | D:2      | Reached XP level 4. HP: 15/26 MP: 1/7
  2782 | D:3      | Reached XP level 5. HP: 28/31 MP: 9/9
  3141 | D:3      | Reached skill level 5 in Earth Magic
  3587 | D:3      | Noticed an orc warrior
  3884 | D:3      | Reached skill level 1 in Conjurations
  3884 | D:3      | Reached XP level 6. HP: 37/37 MP: 7/11
  4765 | D:4      | Found Teph's Weapon Emporium.
  5141 | D:5      | Entered Level 5 of the Dungeon
  5150 | D:5      | Found a staircase to the Ecumenical Temple.
  5157 | D:5      | Noticed an ice beast
  5162 | D:5      | Killed an ice beast
  5163 | D:5      | Reached XP level 7. HP: 42/42 MP: 2/12
  5320 | D:5      | Found an opulent altar of Gozag.
  5337 | D:5      | Found a shadowy altar of Dithmenos.
  5742 | D:5      | Found a stormy altar of Qazlal.
  6052 | Temple   | Entered the Ecumenical Temple
  6097 | Temple   | Became a worshipper of Vehumet
  6213 | D:5      | Reached XP level 8. HP: 48/48 MP: 6/14
  6286 | D:5      | Found Fuamn's Antique Armour Shop.
  6352 | D:5      | Noticed Duvessa
  6353 | D:5      | Noticed Dowan
  6359 | D:5      | Killed Duvessa
  6360 | D:5      | Reached skill level 5 in Fighting
  6361 | D:5      | Killed Dowan
  6611 | D:5      | Noticed a two-headed ogre
  6615 | D:5      | Killed a two-headed ogre
  6616 | D:5      | Reached skill level 5 in Spellcasting
  6616 | D:5      | Reached skill level 5 in Conjurations
  7031 | D:6      | Noticed a cyclops
  7035 | D:6      | Killed a cyclops
  7036 | D:6      | Reached XP level 9. HP: 56/56 MP: 4/17
  7420 | D:6      | Noticed a +0 falchion
  7420 | D:6      | Noticed a +0 dagger
  7420 | D:6      | Noticed a +0 spear
  7421 | D:6      | Noticed a +0 short sword
  7421 | D:6      | Noticed a +0 falchion
  7421 | D:6      | Noticed a +0 spear
  7421 | D:6      | Noticed a +0 dagger
  7421 | D:6      | Noticed a +0 short sword
  7478 | D:6      | Found a hide-covered altar of Uskayaw.
  8088 | D:6      | Reached * piety under Vehumet
  8088 | D:6      | Offered knowledge of Foxfire by Vehumet.
  8458 | D:6      | HP: 1/57 [orc priest/+0 hand axe (2)]
  8769 | D:7      | Found a basalt altar of Yredelemnul.
  8829 | D:7      | Noticed Joseph
  8861 | D:7      | Reached XP level 10. HP: 52/63 MP: 6/19
  8997 | D:7      | Noticed a two-headed ogre
  9001 | D:7      | Killed a two-headed ogre
  9694 | D:7      | Found Yntiq's Neck Hole.
 10179 | D:8      | Noticed Gastronok
 10188 | D:8      | Killed Gastronok
 10189 | D:8      | Reached skill level 10 in Earth Magic
 11073 | D:8      | Found a runed translucent gate.
 11074 | D:8      | Found a runed translucent gate.
 11075 | D:8      | Found a runed translucent gate.
 11075 | D:8      | Noticed macfelon's ghost (novice DECj)
 11076 | D:8      | Noticed a kobold demonologist
 11245 | D:9      | Found a sparkling altar of Nemelex Xobeh.
 11315 | D:9      | Reached ** piety under Vehumet
 11375 | D:9      | Offered knowledge of Magic Dart by Vehumet.
 11378 | D:9      | Reached XP level 11. HP: 71/71 MP: 10/23
 11629 | D:9      | Found Cheibriados's Comfort Zone.
 11630 | D:9      | Found a snail-covered altar of Cheibriados.
 11634 | D:9      | Found a broken altar of Ashenzari.
 11645 | D:9      | Reached skill level 10 in Fighting
 12397 | D:9      | Found a staircase to the Lair.
 12516 | D:9      | Found a shadowy altar of Dithmenos.
 12540 | D:9      | Offered knowledge of Searing Ray by Vehumet.
 12888 | Lair:1   | Entered Level 1 of the Lair of Beasts
 13496 | Lair:1   | Reached skill level 10 in Spellcasting
 14062 | Lair:2   | Noticed an eight-headed hydra
 14461 | Lair:2   | Noticed a boulder beetle
 14586 | Lair:2   | HP: 3/73 [eight-headed hydra (9)]
 14586 | Lair:2   | Slain by an eight-headed hydra

Illustrated notes

Levels and vault maps discovered:
D:1:      dpeg_arrival_arbitrary_a, layout_basic
D:2:      layout_loops_corners, minmay_split_cup_large
D:3:      layout_basic
D:4:      layout_gridville, serial_shops, shop, hangedman_glass_teeth
D:5:      layout_cave_pods, lemuel_doored_altar, minmay_temple_entry_glass,
          serial_column_ruins, column_ruins_hut, column_ruins_grid_3,
          column_ruins_open_medium, column_ruins_grid_2,
          column_ruins_corridor_straight,
          nicolae_concentric_dashed_squares_mild, kennysheep_nub,
          hangedman_feature_mirror, minmay_shop_grid_forest, st_stairs_11,
          kennysheep_generic_room_11, uniq_duvessa
D:6:      layout_rooms, nicolae_uskayaw_en_pointe
D:7:      layout_cave_pods, mainiacjoe_overflow_tiny_flanked,
          nicolae_shop_sticking_my_neck_out, uniq_joseph
D:8:      layout_basic, gammafunk_ghost_nasty_kobolds, uniq_gastronok
D:9:      layout_cave_pools, mainiacjoe_overflow_boulevard, ashenzari_altar_1,
          nicolae_dithmenos_shadow_blocks, due_lair_maze_entry_diamond,
          minmay_shop_chei
Temple:   eino_wide_crystal_templ
Lair:1:   layout_cave_pods, bh_autumn_forest_stairs,
          nicolae_quartered_pool_medium
Lair:2:   layout_chaotic_city, serial_bayou, serial_bayou_shore_b,
          serial_bayou_pond_a, serial_bayou_pond_d, serial_bayou_lake_a,
          serial_bayou_pond_b, serial_bayou_shore_a

Skill      XL: |  1  2  3  4  5  6  7  8  9 10 11 |
---------------+----------------------------------+-----
Transmutations | 1 |  1.0
Fighting       | 1 2 3 4 6 7 9 10 | 10.3
Earth Magic    | 4 5 6 8 9 10 | 10.4
Dodging        | 2 |  2.0
Spellcasting   | 3 4 5 6 8 10 | 10.2
Conjurations   | 1 2 3 5 6 8 |  8.5
Stealth        | |  2.1

Action                   |  1- 3 |  4- 6 |  7- 9 | 10-12 || total
-------------------------+-------+-------+-------+-------++-------
Melee: Dagger            |   113 |       |       |       ||   113
       Unarmed           |    14 |       |       |       ||    14
       Short sword       |    24 |   110 |    19 |    63 ||   216
       Punch             |     2 |     2 |       |     1 ||     5
 Cast: Sandblast         |    20 |    34 |    25 |    20 ||    99
       Stone Arrow       |       |     3 |    76 |   162 ||   241
  Use: Scroll            |       |       |     7 |     1 ||     8
 Stab: Sleeping          |     4 |     3 |     1 |       ||     8
       Distracted        |       |       |       |     1 ||     1
Armor: Robe              |    71 |    53 |    34 |    55 ||   213
Dodge: Dodged            |   117 |    93 |    43 |    87 ||   340
